 Dungeon Crawl Stone Soup version 0.27-a0-1272-g7c8ad2e407 (webtiles) character file.

Game seed: 16113198630379242822

14295 27snakeeyes612 the Cleaver (level 12, -2/65 HPs)
             Began as a Vine Stalker Fighter on June 11, 2021.
             Was a Believer of Makhleb.
             Slain by a death knight
             ... wielding a +3 battleaxe
              (11 damage)
             ... on level 12 of the Dungeon.
             The game lasted 00:13:56 (9812 turns).

27snakeeyes612 the Cleaver (Vine Stalker Fighter)   Turns: 9812, Time: 00:13:57

Health: -2/65      AC: 16    Str: 24    XL:     12   Next: 15%
Magic:  0/13       EV:  8    Int: 11    God:    Makhleb [**....]
Gold:   473        SH: 17    Dex: 14    Spells: 11/11 levels left

rFire    + . .     SeeInvis .   n - +5 broad axe (flame)
rCold    . . .     Faith    .   c - +0 kite shield
rNeg     . . .     Spirit   +   r - +2 chain mail {rF+}
rPois    .         Reflect  +   H - +0 helmet {Int+3}
rElec    .         Harm     .   I - +1 cloak
rCorr    .         Rampage  .   (no gloves)
Will     +....                  (no boots)
Stlth    ..........             w - amulet of reflection
HPRegen  1.20/turn              k - ring of flight
MPRegen  0.13/turn              (no ring)

@: flying
A: fangs 3, regeneration 1, magic shield, antimagic bite, no potion heal 2
a: Renounce Religion, Minor Destruction


You were on level 12 of the Dungeon.
You worshipped Makhleb.
Makhleb was pleased with you.
You visited 2 branches of the dungeon, and saw 13 of its levels.
You also visited: Ice Cave.

You collected 684 gold pieces.
You spent 211 gold pieces at shops.

Inventory:

Hand Weapons
 a - a +1 war axe
 n - a +5 broad axe of flaming (weapon)
Missiles
 h - a throwing net
Armour
 b - a +0 scale mail
 c - a +0 kite shield (worn)
 d - a +0 cloak
 r - a +2 chain mail of fire resistance (worn)
 H - a +0 helmet of intelligence (worn)
 I - a +1 cloak (worn)
Jewellery
 k - a ring of flight (left hand)
 w - an amulet of reflection (around neck)
Wands
 o - a wand of flame (12)
 p - a wand of charming (7)
 s - a wand of acid (8) (quivered)
 t - a wand of mindburst (16)
Scrolls
 e - 9 scrolls of identify
 y - 5 scrolls of amnesia
 B - 2 scrolls of teleportation
 D - 3 scrolls of acquirement {unknown}
 E - 2 scrolls of blinking
 F - a scroll of fog
Potions
 f - a potion of heal wounds
 g - 7 potions of curing
 i - 2 potions of brilliance
 j - 2 potions of haste
 l - a potion of berserk rage {unknown}
 m - 3 potions of degeneration
 q - a potion of cancellation
 u - 2 potions of magic {unknown}
 v - 3 potions of flight {unknown}
 x - 2 potions of ambrosia {unknown}
 z - a potion of invisibility {unknown}
 A - 2 potions of lignification {unknown}
 C - a potion of resistance {unknown}


   Skills:
 * Level 8.3 Fighting
 + Level 11.3 Axes
 + Level 7.2 Armour
 + Level 3.1 Dodging
 + Level 1.0 Stealth
 + Level 8.2 Shields
 + Level 0.6 Evocations


You had 11 spell levels left.
You didn't know any spells.
Your spell library was empty.

Dungeon Overview and Level Annotations

Branches:
Dungeon (12/15)            Temple (1/1) D:6            Lair (0/6) D:11
    Orc (0/2) D:9           IceCv (visited)

Altars:
Ashenzari
Cheibriados
Dithmenos
Elyvilon
Fedhas
Gozag
Hepliaklqana
Kikubaaqudgha
Makhleb
Nemelex Xobeh
Okawaru
Qazlal
Ru
Sif Muna
Trog
Uskayaw
Vehumet
Wu Jian
Xom
Yredelemnul
Zin
The Shining One

Shops:
D:1 !:([

Portals:
Abyss: D:9

Annotations:
D:8 4 transporters, Morbidden's ghost, novice DgCj
D:9 2 transporters, Gilette's ghost, novice DDFi


Innate Abilities, Weirdness & Mutations

You have razor-sharp teeth.
Your natural rate of healing is unusually fast.
When hurt, damage is shared between your health and your magic reserves.
Your bite disrupts and absorbs the magic of your enemies.
Potions cannot restore your health.


Message History

Aim: a death knight, wielding a +3 battleaxe and wearing a +0 plate armour (75% to hit)
The bolt of acid hits the death knight but does no damage.
The bolt of acid hits the freezing wraith!
The freezing wraith is splashed with acid.
The acid corrodes the freezing wraith!
The freezing wraith is moderately damaged.
The bolt of acid hits the freezing wraith!
The freezing wraith is splashed with acid.
The freezing wraith is heavily damaged.
You block the death knight's attack.
You slash the death knight! You burn the death knight.
You bite the death knight, but do no damage.
The death knight is lightly wounded.
You block the death knight's attack.
You closely miss the death knight.
You bite the death knight, but do no damage.
The death knight is lightly wounded.
The death knight offers itself to Yredelemnul, and fills with unholy energy.
You hit the death knight. You burn the death knight.
You bite the death knight, but do no damage.
The death knight is moderately wounded.
The death knight reflects your damage back at you!
The death knight hits you with a +3 battleaxe!!
The death knight barely misses you.
You hit the death knight. You burn the death knight. You bite the death knight!
You drain its power.
You feel invigorated.
The death knight is moderately wounded.
The death knight reflects your damage back at you!
The death knight hits you with a +3 battleaxe!!
You hit the death knight. You burn the death knight.
Your bite misses the death knight.
The death knight is heavily wounded.
The death knight reflects your damage back at you!
The death knight barely misses you.
You slice the death knight!! You burn the death knight!
The death knight is almost dead.
The death knight reflects your damage back at you!
* * * LOW HITPOINT WARNING * * *
The death knight hits you with a +3 battleaxe!
You die... ..### .# #.<.# .# #........# ###.# .### +........ #...# ... #....... #.#####.# #...... #.......# ....$ ######.## WWW

#.# #p# #.# #####
#@### #.###...# #...#
#.......#####'###
#####'..............#
#....................#
#....................+
#....................#
#........#.+...>.....#
############.........#


You could see a death knight (reflects damage) and 3 freezing wraiths.

Vanquished Creatures
  Snorg (D:10)
  Harold (D:9)
  A hydra (D:11)
  Erolcha (D:9)
  2 two-headed ogres
  Erica (D:9)
  A necromancer (IceCv)
  2 ice statues (IceCv)
  Maurice (D:10)
  6 ice devils (IceCv)
  A troll (D:10)
  Grinder (D:6)
  A hornet (D:7)
  A wyvern (D:9)
  9 vampire mosquitoes
  A water moccasin (D:6)
  An acid dragon (D:6)
  4 black bears
  An orc warrior (D:11)
  A necrophage (D:6)
  3 ogres
  4 ice beasts
  6 centaurs
  A phantom (D:5)
  A kobold brigand (D:7)
  A gnoll sergeant (D:11)
  Blork the orc (D:4)
  A wyvern zombie (D:7)
  6 bullfrogs
  A scorpion (D:6)
  A wyvern skeleton (D:7)
  4 killer bees (D:8)
  5 howler monkeys
  13 wights
  A bullfrog zombie (D:6)
  3 centaur zombies
  4 jellies
  2 orc priests (D:11)
  2 hounds
  2 iguanas (D:5)
  3 orc wizards
  Ijyb (D:4)
  4 troll simulacra (IceCv)
  4 gnolls (D:11)
  2 ogre simulacra (IceCv)
  9 adders
  4 naga simulacra (IceCv)
  14 white imps
  An ufetubus (D:4)
  2 adder skeletons
  2 worms
  5 dart slugs
  22 orcs
  6 ball pythons
  6 endoplasms
  4 giant cockroaches
  16 goblins
  4 hobgoblins
  2 jackals (D:4)
  3 quokkas
  7 bats
  A goblin skeleton (D:5)
  3 goblin zombies (D:5)
  2 hobgoblin zombies (D:5)
  12 kobolds
  A kobold skeleton (D:5)
  2 kobold zombies (D:5)
  An orc skeleton (D:5)
  9 rats
252 creatures vanquished.

Notes
Turn   | Place    | Note
-------+----------+-------------------------------------------
     0 | D:1      | 27snakeeyes612 the Vine Stalker Fighter began the quest for
                  | the Orb.
     0 | D:1      | Reached XP level 1. HP: 11/11 MP: 2/2
    29 | D:1      | Reached XP level 2. HP: 16/16 MP: 3/3
   131 | D:1      | Reached skill level 2 in Axes
   179 | D:1      | Found Keusuiba's Armour Shop.
   342 | D:1      | Found Yqokloqa's Weapon Emporium.
   348 | D:1      | Reached XP level 3. HP: 13/20 MP: 4/4
   509 | D:1      | Found Vaxegasemn's Book Shoppe.
   593 | D:1      | Found Umnuet's Distillery.
   946 | D:2      | You fall into a shaft and drop 1 floor!
  1210 | D:3      | Gained mutation: Your natural rate of healing is unusually
                  | fast. [Vine Stalker growth]
  1210 | D:3      | Reached XP level 4. HP: 17/24 MP: 5/5
  1505 | D:2      | Reached skill level 3 in Axes
  1618 | D:3      | Reached XP level 5. HP: 27/28 MP: 4/6
  1708 | D:3      | Found a faded altar of an unknown god.
  1846 | D:3      | Found Luisuat's Antique Weapon Boutique.
  2509 | D:4      | Noticed Blork the orc
  2518 | D:4      | Killed Blork the orc
  2519 | D:4      | Reached XP level 6. HP: 32/32 MP: 7/7
  2659 | D:4      | Noticed Ijyb
  2670 | D:4      | Killed Ijyb
  2671 | D:4      | Reached skill level 4 in Axes
  2982 | D:5      | Entered Level 5 of the Dungeon
  2997 | D:5      | Noticed a black bear
  3020 | D:4      | Killed a black bear
  3142 | D:5      | Reached XP level 7. HP: 25/36 MP: 5/8
  3226 | D:5      | Reached skill level 5 in Axes
  3351 | D:5      | Found a shimmering blue altar of Sif Muna.
  3403 | D:5      | Found a glowing golden altar of the Shining One.
  3635 | D:1      | Bought a +2 broad axe of freezing for 211 gold pieces
  3772 | D:5      | Reached skill level 6 in Axes
  3772 | D:5      | Gained mutation: You have razor-sharp teeth. [Vine Stalker
                  | growth]
  3772 | D:5      | Reached XP level 8. HP: 42/42 MP: 9/9
  3921 | D:5      | Found an iron altar of Okawaru.
  4304 | D:6      | Found a staircase to the Ecumenical Temple.
  4341 | D:6      | Reached skill level 1 in Dodging
  4359 | Temple   | Entered the Ecumenical Temple
  4600 | D:6      | Found a bloodstained altar of Trog.
  4676 | D:6      | Found a white marble altar of Elyvilon.
  4724 | D:6      | Reached skill level 7 in Axes
  4760 | D:6      | Noticed Grinder
  4766 | D:6      | Killed Grinder
  4767 | D:6      | Reached XP level 9. HP: 46/46 MP: 10/10
  4847 | D:6      | Found a stormy altar of Qazlal.
  5014 | D:6      | Reached skill level 5 in Shields
  5491 | D:7      | Reached skill level 5 in Fighting
  5491 | D:7      | Reached skill level 8 in Axes
  5746 | D:8      | Found a blossoming altar of Fedhas.
  5752 | D:8      | Noticed a hornet
  5772 | D:7      | Paralysed by a hornet for 2 turns
  5777 | D:7      | Killed a hornet
  5778 | D:7      | Reached skill level 5 in Armour
  5913 | D:8      | Found a transporter.
  5916 | D:8      | Found a transporter.
  5916 | D:8      | Noticed a troll
  5919 | D:8      | Found the brooch of Shielding {Spirit SH+8}
  5922 | D:8      | Noticed a white ugly thing
  5925 | D:8      | Found a broken altar of Ashenzari.
  6013 | D:8      | Reached skill level 9 in Axes
  6013 | D:8      | Reached XP level 10. HP: 46/51 MP: 6/11
  6234 | D:8      | Found a shimmering altar of Xom.
  6271 | D:8      | Found a transporter.
  6274 | D:8      | Found a transporter.
  6275 | D:8      | Noticed a moth of wrath
  6276 | D:8      | Noticed Morbidden's ghost (novice DgCj)
  6281 | D:8      | Found a bloodstained altar of Trog.
  6442 | D:9      | Noticed Erica
  6457 | D:9      | Killed Erica
  6535 | D:9      | Noticed Harold
  6551 | D:9      | Killed Harold
  6620 | D:9      | Found a staircase to the Orcish Mines.
  6919 | D:9      | Found a one-way gate to the infinite horrors of the Abyss.
  6919 | D:9      | Noticed Gilette's ghost (novice DDFi)
  6920 | D:9      | Found a transporter.
  6928 | D:9      | Noticed a wizard
  7092 | D:9      | Noticed a toenail golem
  7105 | D:9      | Noticed Erolcha
  7255 | D:9      | Killed Erolcha
  7256 | D:9      | Reached skill level 10 in Axes
  7256 | D:9      | Reached skill level 1 in Stealth
  7345 | D:9      | Found a transporter.
  7396 | D:9      | Found an ancient bone altar of Kikubaaqudgha.
  7477 | D:10     | Entered Level 10 of the Dungeon
  7543 | D:10     | Found a shadowy altar of Dithmenos.
  7589 | D:10     | Reached XP level 11. HP: 40/56 MP: 10/12
  7616 | D:10     | Noticed Snorg
  7630 | D:10     | Killed Snorg
  7643 | D:10     | Found an ornate altar of the Wu Jian Council.
  7786 | D:10     | Noticed Maurice
  7801 | D:10     | Killed Maurice
  7922 | D:10     | Noticed a two-headed ogre
  7930 | D:10     | Killed a two-headed ogre
  8075 | D:10     | Found a burning altar of Makhleb.
  8133 | D:10     | Became a worshipper of Makhleb the Destroyer
  8368 | D:11     | Noticed a seven-headed hydra
  8375 | D:11     | Killed a four-headed hydra
  8448 | D:11     | Found a staircase to the Lair.
  8473 | D:11     | Noticed a two-headed ogre
  8480 | D:11     | Killed a two-headed ogre
  9104 | D:12     | Found a frozen archway.
  9106 | D:12     | Reached * piety under Makhleb
  9131 | IceCv    | Entered an ice cave
  9169 | IceCv    | Reached skill level 11 in Axes
  9494 | IceCv    | Reached XP level 12. HP: 64/64 MP: 13/13
  9554 | IceCv    | Identified the +10 spear "Transmigrator" {antimagic, rElec
                  | Will+}
  9617 | IceCv    | Reached ** piety under Makhleb
  9804 | D:12     | Noticed a death knight
  9812 | D:12     | Slain by a death knight

Illustrated notes

Levels and vault maps discovered:
D:1:      shiori_arrival_oz, layout_basic, serial_shops,
          nicolae_shop_temple_entry_statues_fountains, shop, shop, shop_statue
D:2:      layout_rooms, st_stairs_5
D:3:      layout_basic, basic_ecumenical_altar, serial_shops,
          nicolae_shop_overgrown_old_shop
D:4:      layout_basic, uniq_blork_the_orc, uniq_ijyb
D:5:      layout_gridville, kennysheep_orc_sif_temple, marbit_many_paths,
          nicolae_tso_besieged_by_evil
D:6:      black_bear_nest_2, layout_basic, general_overflow_altar,
          nicolae_overflow_hidden_temple, lemuel_doored_altar,
          minmay_temple_entry_drinking_statues, hangedman_decor_opposing,
          uniq_grinder
D:7:      layout_loops_cross
D:8:      gammafunk_the_bubble [the_bubble_gammafunk_crates], layout_rooms,
          fedhas_altar_2, lemuel_coloured_pillars_altar,
          overflow_temple_1_default, gammafunk_ghost_wrathful_warriors
D:9:      layout_loops_corners, nicolae_kikubaaqudgha_miasma_corner,
          orc_0_dummy, gammafunk_ghost_abyssal_escape, uniq_erolcha,
          uniq_harold, uniq_erica
D:10:     layout_loops_ring, amcnicky_altar_gilded, kennysheep_mini,
          kennysheep_little_box, serial_glass, glass_columns_a, glass_columns_b,
          uniq_maurice, uniq_snorg
D:11:     layout_rooms, lair_entry_dummy, minivault_26, due_unseen_surprise
D:12:     layout_roguey, portal_ice_cave_entry_imps, gauntlet_entry_generic
Temple:   nicolae_temple_figure_zero

Skill      XL: |  1  2  3  4  5  6  7  8  9 10 11 12 |
---------------+-------------------------------------+-----
Axes           | 2 3 4 6 7 9 10 11 | 11.3
Shields        | 3 4 6 7 8 |  8.2
Fighting       | 3 4 5 6 7 8 |  8.3
Armour         | 3 4 5 6 7 |  7.2
Dodging        | 1 2 3 |  3.1
Stealth        | 1 |  1.0
Evocations     | |  0.6

Action                   |  1- 3 |  4- 6 |  7- 9 | 10-12 || total
-------------------------+-------+-------+-------+-------++-------
Melee: War axe           |    77 |   154 |    52 |       ||   283
       Bite              |    16 |    44 |    70 |    99 ||   229
       Broad axe         |       |       |   145 |   285 ||   430
Evoke: Wand              |       |       |       |     7 ||     7
  Use: Potion            |       |     1 |     1 |       ||     2
       Scroll            |       |    11 |     4 |     9 ||    24
Armor: Scale mail        |    26 |    60 |       |       ||    86
       Chain mail        |       |    17 |    96 |    91 ||   204
Dodge: Dodged            |    22 |    40 |    43 |    86 ||   191
Block: Kite shield       |    44 |   101 |   168 |   262 ||   575
       Reflection        |       |       |     4 |    13 ||    17

Table legend: (Time is in decaauts)
 A = Elapsed time spent in this place.
 B = Non-inter-level travel time spent in this place.
 C = Inter-level travel time spent in this place.
 D = Time resting spent in this place.
 E = Time spent auto-exploring this place.
 F = Levels seen in this place.
 G = Mean time per level.
                   A        B        C        D        E       F      G
               +--------+--------+--------+--------+--------+-----+--------+
         Total |  10125 |   9558 |    567 |    681 |   6923 |  14 |  723.2 |
       Dungeon |   9328 |   8771 |    557 |    474 |   6599 |  12 |  777.3 |
        Temple |    124 |    115 |      9 |      0 |    113 |   1 |  124.0 |
      Ice Cave |    672 |    672 |      0 |    207 |    211 |   1 |  672.0 |
               +--------+--------+--------+--------+--------+-----+--------+

Top non-repeatable levels by time:
     D:5: 1036 daAuts
     D:9: 1029 daAuts
     D:4: 1017 daAuts
     D:3: 963 daAuts
     D:1: 939 daAuts
    D:10: 927 daAuts
     D:6: 774 daAuts
    D:11: 711 daAuts
     D:7: 707 daAuts
   IceCv: 672 daAuts
     D:8: 657 daAuts
     D:2: 493 daAuts
  Temple: 124 daAuts
    D:12: 70 daAuts
